| TOP OF THE 1ST |
|
Aberdeen Ironbirds batting - Pitching for Staten Island Yankees : RHP Ben Cunningham
|
|
Pitching: RHP Ben Cunningham
|
|
|
Batting: RHB Kevin Popowicz
|
0-0: Swinging Strike 0-1: Ground out 5-3 (Groundball, 5S, EV 86.2 MPH)
|
|
Batting: RHB Maup Gommers
|
0-0: Ball 1-0: Swinging Strike 1-1: Foul Ball, location: 2F 1-2: SINGLE (Flyball, 34D, EV 86.2 MPH)
|
|
Batting: LHB Sam Williams
|
0-0: Swinging Strike 0-1: Swinging Strike 0-2: Foul Ball, location: 2F 0-2: Ball 1-2: Ball 2-2: Strikes out swinging
|
|
Batting: RHB Jonathan Mendoza
|
0-0: Ball 1-0: Ball 2-0: Ball 3-0: Base on Balls Maup Gommers to second
|
|
Batting: LHB Vinny Rivera
|
0-0: Ball 1-0: Fly out, F7 (Line Drive, 7LS, EV 113.1 MPH)
|
| Top of the 1st over - 0 runs, 1 hit, 0 errors, 2 left on base; Aberdeen 0 - Staten Island 0 |
| BOTTOM OF THE 1ST |
|
Staten Island Yankees batting - Pitching for Aberdeen Ironbirds : RHP Steve Webb
|
|
Pitching: RHP Steve Webb
|
|
|
Batting: RHB Norimoto Miyanishi
|
0-0: Called Strike 0-1: Ball 1-1: Called Strike 1-2: Foul Ball, location: 2F 1-2: Ball 2-2: Foul Ball, location: 2F 2-2: Foul Ball, location: 2F 2-2: Ball 3-2: Strikes out swinging, 2-3 out at first.
|
|
Batting: LHB Dario Segura
|
0-0: Ground out 4-3 (Groundball, 4, EV 105.6 MPH)
|
|
Batting: RHB Pat Pemberton
|
0-0: Called Strike 0-1: Swinging Strike 0-2: Strikes out looking
|
| Bottom of the 1st over - 0 runs, 0 hits, 0 errors, 0 left on base; Aberdeen 0 - Staten Island 0 |
| TOP OF THE 2ND |
|
Aberdeen Ironbirds batting - Pitching for Staten Island Yankees : RHP Ben Cunningham
|
|
Batting: SHB Carlos Carrillo
|
0-0: Swinging Strike 0-1: Foul Ball, location: 2F 0-2: Ball 1-2: DOUBLE (Flyball, 78XD, EV 115.0 MPH)
|
|
Batting: LHB Pat Fontana
|
0-0: Fly out, F2 (Popup, 2LF, EV 88.8 MPH)
|
|
Batting: RHB Fernando Bravo
|
0-0: Ball 1-0: Called Strike 1-1: SINGLE (Groundball, 56D, EV 100.6 MPH) (infield hit) Carlos Carrillo to third
|
|
Batting: RHB Carlos Teniente
|
0-0: Called Strike 0-1: Called Strike 0-2: Ball 1-2: Foul Ball, location: 2F 1-2: Ball 2-2: Ball 3-2: Strikes out swinging
|
|
Batting: RHB Kevin Popowicz
|
0-0: Swinging Strike 0-1: Called Strike 0-2: Ball 1-2: Ball 2-2: Foul Ball, location: 2F 2-2: Foul Ball, location: 2F 2-2: Ball 3-2: Strikes out swinging
|
| Top of the 2nd over - 0 runs, 2 hits, 0 errors, 2 left on base; Aberdeen 0 - Staten Island 0 |
| BOTTOM OF THE 2ND |
|
Staten Island Yankees batting - Pitching for Aberdeen Ironbirds : RHP Steve Webb
|
|
Batting: SHB Tadaaki Kondo
|
0-0: Called Strike 0-1: Ball 1-1: Called Strike 1-2: Ball 2-2: Foul Ball, location: 2F 2-2: Strikes out looking
|
|
Batting: LHB Mike Schermerhorn
|
0-0: Ball 1-0: Ball 2-0: Foul Ball, location: 2F 2-1: Ball 3-1: Base on Balls
|
|
Batting: SHB Adam Slade
|
0-0: Foul Ball, location: 2F 0-1: Called Strike 0-2: Ball 1-2: Foul Ball, location: 2F 1-2: Ball 2-2: Strikes out looking
|
|
Batting: RHB Jesus Ruiz
|
0-0: Called Strike 0-1: Ball 1-1: Foul Ball, location: 2F 1-2: Ball 2-2: Strikes out looking
|
| Bottom of the 2nd over - 0 runs, 0 hits, 0 errors, 1 left on base; Aberdeen 0 - Staten Island 0 |
| TOP OF THE 3RD |
|
Aberdeen Ironbirds batting - Pitching for Staten Island Yankees : RHP Ben Cunningham
|
|
Batting: RHB Maup Gommers
|
0-0: Foul Ball, location: 2F 0-1: Ball 1-1: Ground out 6-3 (Groundball, 6, EV 101.2 MPH)
|
|
Batting: LHB Sam Williams
|
0-0: Ball 1-0: Ball 2-0: SINGLE (Groundball, 4MS, EV 61.2 MPH) (infield hit)
|
|
Batting: RHB Jonathan Mendoza
|
0-0: Ball 1-0: SINGLE (Flyball, 34D, EV 89.4 MPH) Sam Williams to second
|
|
Batting: LHB Vinny Rivera
|
0-0: Ball 1-0: Ball 2-0: Foul Ball, location: 2F 2-1: Foul Ball, location: 2F 2-2: Fielders Choice at 3rd, U5 (Groundball, 5L, EV 81.9 MPH) Jonathan Mendoza to second
|
|
Batting: SHB Carlos Carrillo
|
0-0: Swinging Strike 0-1: Ball 1-1: SINGLE (Groundball, 56D, EV 109.4 MPH) Jonathan Mendoza to third Vinny Rivera to second
|
|
Batting: LHB Pat Fontana
|
0-0: Ground out 5-3 (Groundball, 5S, EV 86.2 MPH)
|
| Top of the 3rd over - 0 runs, 3 hits, 0 errors, 3 left on base; Aberdeen 0 - Staten Island 0 |
| BOTTOM OF THE 3RD |
|
Staten Island Yankees batting - Pitching for Aberdeen Ironbirds : RHP Steve Webb
|
|
Batting: RHB Danny Ayala
|
0-0: Ball 1-0: Called Strike 1-1: Swinging Strike 1-2: Strikes out swinging
|
|
Batting: LHB Danny de Leon
|
0-0: Ball 1-0: Ground out U3 (Groundball, 3L, EV 83.8 MPH)
|
|
Batting: RHB Norimoto Miyanishi
|
0-0: Ball 1-0: Ball 2-0: Called Strike 2-1: Ball 3-1: Foul Ball, location: 2F 3-2: Strikes out swinging
|
| Bottom of the 3rd over - 0 runs, 0 hits, 0 errors, 0 left on base; Aberdeen 0 - Staten Island 0 |
| TOP OF THE 4TH |
|
Aberdeen Ironbirds batting - Pitching for Staten Island Yankees : RHP Ben Cunningham
|
|
Batting: RHB Fernando Bravo
|
0-0: Ball 1-0: Ball 2-0: Ball 3-0: Base on Balls
|
|
Batting: RHB Carlos Teniente
|
0-0: Called Strike 0-1: Fielders Choice at 2nd, 1-6 (Groundball, 13S, EV 65.0 MPH)
|
|
Batting: RHB Kevin Popowicz
|
0-0: Ball 1-0: Ball Carlos Teniente steals 2nd base 2-0: Ground out 5-3 (Groundball, 5, EV 96.9 MPH)
|
|
Batting: RHB Maup Gommers
|
0-0: Called Strike 0-1: Called Strike 0-2: Ball 1-2: Ball 2-2: Ground out 4-3 (Groundball, 34D, EV 103.8 MPH)
|
| Top of the 4th over - 0 runs, 0 hits, 0 errors, 1 left on base; Aberdeen 0 - Staten Island 0 |
| BOTTOM OF THE 4TH |
|
Staten Island Yankees batting - Pitching for Aberdeen Ironbirds : RHP Steve Webb
|
|
Batting: LHB Dario Segura
|
0-0: Ball 1-0: Fly out, F8 (Line Drive, 8RD, EV 105.6 MPH)
|
|
Batting: RHB Pat Pemberton
|
0-0: Ball 1-0: Ball 2-0: Ground out 5-3 (Groundball, 56S, EV 85.0 MPH)
|
|
Batting: SHB Tadaaki Kondo
|
0-0: Ball 1-0: Ball 2-0: Ball 3-0: Called Strike 3-1: Foul Ball, location: 2F 3-2: Base on Balls
|
|
Batting: LHB Mike Schermerhorn
|
0-0: Called Strike 0-1: Fly out, F5 (Line Drive, 56, EV 88.1 MPH)
|
| Bottom of the 4th over - 0 runs, 0 hits, 0 errors, 1 left on base; Aberdeen 0 - Staten Island 0 |
| TOP OF THE 5TH |
|
Aberdeen Ironbirds batting - Pitching for Staten Island Yankees : RHP Ben Cunningham
|
|
Batting: LHB Sam Williams
|
0-0: Ball 1-0: Ball 2-0: Ball 3-0: Base on Balls
|
|
Batting: RHB Jonathan Mendoza
|
0-0: Ball 1-0: Called Strike 1-1: Ball 2-1: Called Strike 2-2: Strikes out swinging
|
|
Batting: LHB Vinny Rivera
|
0-0: Ball Sam Williams is caught stealing 2nd base 2-6 1-0: Ball 2-0: Ball 3-0: Base on Balls
|
|
Batting: SHB Carlos Carrillo
|
0-0: Ball Vinny Rivera is caught stealing 2nd base 2-6
|
| Top of the 5th over - 0 runs, 0 hits, 0 errors, 0 left on base; Aberdeen 0 - Staten Island 0 |
| BOTTOM OF THE 5TH |
|
Staten Island Yankees batting - Pitching for Aberdeen Ironbirds : RHP Steve Webb
|
|
Batting: SHB Adam Slade
|
0-0: Ground out U3 (Groundball, 3, EV 88.1 MPH)
|
|
Batting: RHB Jesus Ruiz
|
0-0: Ball 1-0: Ball 2-0: Ball 3-0: Called Strike 3-1: Called Strike 3-2: Foul Ball, location: 2F 3-2: Ground out 4-3 (Groundball, 4, EV 83.1 MPH)
|
|
Batting: RHB Danny Ayala
|
0-0: Called Strike 0-1: SINGLE (Groundball, 34D, EV 100.0 MPH)
|
|
Batting: LHB Danny de Leon
|
0-0: Ball 1-0: Swinging Strike 1-1: Ball 2-1: Swinging Strike 2-2: Foul Ball, location: 2F 2-2: Strikes out looking
|
| Bottom of the 5th over - 0 runs, 1 hit, 0 errors, 1 left on base; Aberdeen 0 - Staten Island 0 |
| TOP OF THE 6TH |
|
Aberdeen Ironbirds batting - Pitching for Staten Island Yankees : RHP Ben Cunningham
|
|
Batting: SHB Carlos Carrillo
|
0-0: Ball 1-0: Called Strike 1-1: Ball 2-1: Ball 3-1: Base on Balls
|
|
Batting: LHB Pat Fontana
|
0-0: Swinging Strike 0-1: Ball 1-1: Ball 2-1: Swinging Strike 2-2: Foul Ball, location: 2F 2-2: Ball 3-2: Foul Ball, location: 2F 3-2: Foul Ball, location: 2F 3-2: Base on Balls Carlos Carrillo to second
|
|
Pitching: LHP Colin Scott
|
|
|
Batting: RHB Fernando Bravo
|
0-0: Hit by Pitch Carlos Carrillo to third Pat Fontana to second
|
|
Batting: RHB Carlos Teniente
|
0-0: Ball 1-0: Foul Ball, location: 2F 1-1: Ball 2-1: DOUBLE (Groundball, 5D, EV 97.5 MPH) Carlos Carrillo scores Pat Fontana scores Fernando Bravo to third
|
|
Batting: RHB Kevin Popowicz
|
0-0: Foul Ball, location: 2F 0-1: Called Strike 0-2: Foul Ball, location: 2F 0-2: Ball 1-2: Ball 2-2: Foul Ball, location: 2F 2-2: SINGLE (Groundball, 56, EV 107.5 MPH) Fernando Bravo scores Carlos Teniente to third
|
|
Batting: RHB Maup Gommers
|
0-0: Foul Ball, location: 2F 0-1: Foul Ball, location: 2F 0-2: Strikes out swinging
|
|
Batting: LHB Sam Williams
|
0-0: Swinging Strike 0-1: Ball 1-1: Ball 2-1: Ball 3-1: Base on Balls Kevin Popowicz to second
|
|
Pitching: RHP Nick Peters
|
|
|
Batting: RHB Jonathan Mendoza
|
0-0: Ball 1-0: Swinging Strike 1-1: Ball 2-1: Ball 3-1: Called Strike 3-2: Base on Balls Carlos Teniente scores Kevin Popowicz to third Sam Williams to second
|
|
Batting: LHB Vinny Rivera
|
0-0: Ball 1-0: Ball 2-0: Ball 3-0: Base on Balls Kevin Popowicz scores Sam Williams to third Jonathan Mendoza to second
|
|
Batting: SHB Carlos Carrillo
|
0-0: Ball 1-0: Swinging Strike 1-1: SINGLE (Line Drive, 4M, EV 95.6 MPH) Sam Williams scores Jonathan Mendoza to third Vinny Rivera to second
|
|
Batting: LHB Pat Fontana
|
0-0: Ball 1-0: Swinging Strike 1-1: Swinging Strike 1-2: Foul Ball, location: 2F 1-2: Foul Ball, location: 2F 1-2: Foul Ball, location: 2F 1-2: SINGLE (Groundball, 56D, EV 97.5 MPH) Jonathan Mendoza scores Vinny Rivera to third Carlos Carrillo to second
|
|
Pitching: RHP Nate LaCava
|
|
|
Batting: RHB Fernando Bravo
|
0-0: Called Strike 0-1: Hit by Pitch Vinny Rivera scores Carlos Carrillo to third Pat Fontana to second
|
|
Batting: RHB Carlos Teniente
|
0-0: Grounds into fielders choice U2 (Groundball, 15S, EV 66.2 MPH) Pat Fontana to third Fernando Bravo to second
|
|
Batting: RHB Kevin Popowicz
|
0-0: Ball 1-0: Called Strike 1-1: Ball 2-1: DOUBLE (Flyball, 8LXD, EV 110.0 MPH) Pat Fontana scores Fernando Bravo scores Carlos Teniente to third Runner from 3rd tries for Home, SAFE, throw by CF to home
|
|
Batting: RHB Maup Gommers
|
0-0: Called Strike 0-1: SINGLE (Line Drive, 89S, EV 91.9 MPH) Kevin Popowicz to third Runner from 3rd tries for Home, SAFE, throw by RF to home
|
|
Batting: LHB Sam Williams
|
0-0: Foul Ball, location: 2F 0-1: Foul Ball, location: 2F 0-2: Fly out, F9 (Line Drive, 9, EV 91.9 MPH)
|
| Top of the 6th over - 12 runs, 6 hits, 0 errors, 1 left on base; Aberdeen 12 - Staten Island 0 |
| BOTTOM OF THE 6TH |
|
Staten Island Yankees batting - Pitching for Aberdeen Ironbirds : RHP Steve Webb
|
|
Batting: RHB Norimoto Miyanishi
|
0-0: Foul Ball, location: 2F 0-1: Swinging Strike 0-2: Strikes out swinging, 2-3 out at first.
|
|
Batting: LHB Dario Segura
|
0-0: Ball 1-0: Ball 2-0: Ball 3-0: Base on Balls
|
|
Batting: RHB Pat Pemberton
|
0-0: Ball Dario Segura steals 2nd base 1-0: Foul Ball, location: 2F 1-1: Foul Ball, location: 2F 1-2: Ball 2-2: Ball 3-2: Base on Balls
|
|
Batting: SHB Tadaaki Kondo
|
0-0: Ball 1-0: Ball 2-0: DOUBLE (Flyball, 78XD, EV 101.9 MPH) Dario Segura scores Pat Pemberton to third
|
|
Batting: LHB Mike Schermerhorn
|
0-0: Swinging Strike 0-1: Foul Ball, location: 2F 0-2: Strikes out swinging
|
|
Batting: SHB Adam Slade
|
0-0: Ball 1-0: Called Strike 1-1: Called Strike 1-2: Strikes out swinging
|
| Bottom of the 6th over - 1 run, 1 hit, 0 errors, 2 left on base; Aberdeen 12 - Staten Island 1 |
| TOP OF THE 7TH |
|
Aberdeen Ironbirds batting - Pitching for Staten Island Yankees : RHP Nate LaCava
|
|
Batting: RHB Jonathan Mendoza
|
0-0: Called Strike 0-1: Ball 1-1: Ball 2-1: Ball 3-1: Base on Balls
|
|
Batting: LHB Vinny Rivera
|
0-0: Called Strike 0-1: Ball 1-1: SINGLE (Groundball, 6MD, EV 95.0 MPH) Jonathan Mendoza to second Runner from 2nd tries for 3rd, SAFE, no throw by CF
|
|
Pitching: RHP Alex Blanco
|
|
|
Batting: SHB Carlos Carrillo
|
0-0: Called Strike 0-1: Foul Ball, location: 2F 0-2: SINGLE (Line Drive, 7S, EV 93.8 MPH) Jonathan Mendoza scores Vinny Rivera to second
|
|
Pinch Hitting: RHB Alfredo Reguera
|
0-0: Ball 1-0: Foul Ball, location: 2F 1-1: Called Strike 1-2: Ball 2-2: Ball 3-2: Foul Ball, location: 2F 3-2: Foul Ball, location: 2F Balk! Vinny Rivera to third Carlos Carrillo to second 3-2: Foul Ball, location: 2F 3-2: Base on Balls
|
|
Batting: RHB Fernando Bravo
|
0-0: Fielders Choice at 2nd, 6-4 (Groundball, 6, EV 103.1 MPH) Vinny Rivera scores Carlos Carrillo to third
|
|
Batting: RHB Carlos Teniente
|
0-0: Foul Ball, location: 2F 0-1: Ball Wild Pitch! Carlos Carrillo scores Fernando Bravo to second 1-1: Foul Ball, location: 2F 1-2: Ball 2-2: DOUBLE (Line Drive, 89D, EV 104.4 MPH) Fernando Bravo scores
|
|
Batting: RHB Kevin Popowicz
|
0-0: Called Strike 0-1: Ball 1-1: Fly out, F9 (Flyball, 9D, EV 85.0 MPH) Runner from 2nd tags up, SAFE at 3rd, no throw by RF
|
|
Batting: RHB Maup Gommers
|
0-0: Ball 1-0: Called Strike 1-1: Ball Wild Pitch! Carlos Teniente scores 2-1: Called Strike 2-2: Strikes out looking
|
| Top of the 7th over - 5 runs, 3 hits, 0 errors, 0 left on base; Aberdeen 17 - Staten Island 1 |
| BOTTOM OF THE 7TH |
|
Staten Island Yankees batting - Pitching for Aberdeen Ironbirds : RHP Steve Webb
|
|
Pitching: RHP Rich Hensley
|
|
|
Now in LF: Alfredo Reguera
|
|
|
Batting: RHB Jesus Ruiz
|
0-0: Ball 1-0: Swinging Strike 1-1: Swinging Strike 1-2: Ball 2-2: Foul Ball, location: 2F 2-2: Strikes out swinging
|
|
Batting: RHB Danny Ayala
|
0-0: Ball 1-0: Ball 2-0: Swinging Strike 2-1: Swinging Strike 2-2: Fly out, F7 (Flyball, 7, EV 89.4 MPH)
|
|
Batting: LHB Danny de Leon
|
0-0: Swinging Strike 0-1: Called Strike 0-2: Ground out U3 (Groundball, 34, EV 84.4 MPH)
|
| Bottom of the 7th over - 0 runs, 0 hits, 0 errors, 0 left on base; Aberdeen 17 - Staten Island 1 |
| TOP OF THE 8TH |
|
Aberdeen Ironbirds batting - Pitching for Staten Island Yankees : RHP Alex Blanco
|
|
Batting: LHB Sam Williams
|
0-0: Ball 1-0: Ball 2-0: Called Strike 2-1: Fly out, F9 (Flyball, 9, EV 94.4 MPH)
|
|
Batting: RHB Jonathan Mendoza
|
0-0: Ball 1-0: SOLO HOME RUN (Flyball, 78XD, EV 112.5 MPH), Distance : 455 ft
|
|
Batting: LHB Vinny Rivera
|
0-0: Called Strike 0-1: Ball 1-1: Ball 2-1: Ball 3-1: Base on Balls
|
|
Pitching: RHP Ben Jennings
|
|
|
Batting: SHB Carlos Carrillo
|
0-0: Ball 1-0: Foul Ball, location: 2F 1-1: Ball 2-1: Swinging Strike 2-2: Foul Ball, location: 2F 2-2: Ball 3-2: Foul Ball, location: 2F 3-2: Base on Balls Vinny Rivera to second
|
|
Batting: RHB Alfredo Reguera
|
0-0: Called Strike 0-1: Ball 1-1: Fielders Choice at 2nd, 4-6 (Groundball, 4D, EV 104.4 MPH) Vinny Rivera to third
|
|
Batting: RHB Fernando Bravo
|
0-0: Foul Ball, location: 2F 0-1: Hit by Pitch Alfredo Reguera to second
|
|
Batting: RHB Carlos Teniente
|
0-0: Ground out 1-3 (Groundball, 13S, EV 66.9 MPH)
|
| Top of the 8th over - 1 run, 1 hit, 0 errors, 3 left on base; Aberdeen 18 - Staten Island 1 |
| BOTTOM OF THE 8TH |
|
Staten Island Yankees batting - Pitching for Aberdeen Ironbirds : RHP Rich Hensley
|
|
Batting: RHB Norimoto Miyanishi
|
0-0: Ball 1-0: Foul Ball, location: 2F 1-1: Swinging Strike 1-2: Foul Ball, location: 2F 1-2: Strikes out swinging
|
|
Batting: LHB Dario Segura
|
0-0: SINGLE (Line Drive, 7S, EV 99.4 MPH)
|
|
Batting: RHB Pat Pemberton
|
0-0: Called Strike 0-1: Foul Ball, location: 2F 0-2: Ball 1-2: Strikes out swinging
|
|
Batting: SHB Tadaaki Kondo
|
0-0: Ground out 4-3 (Groundball, 4, EV 88.1 MPH)
|
| Bottom of the 8th over - 0 runs, 1 hit, 0 errors, 1 left on base; Aberdeen 18 - Staten Island 1 |
| TOP OF THE 9TH |
|
Aberdeen Ironbirds batting - Pitching for Staten Island Yankees : RHP Ben Jennings
|
|
Batting: RHB Kevin Popowicz
|
0-0: Ball 1-0: Called Strike 1-1: Ball 2-1: Called Strike 2-2: Strikes out swinging
|
|
Batting: RHB Maup Gommers
|
0-0: Foul Ball, location: 2F 0-1: Ball 1-1: Foul Ball, location: 2F 1-2: Ball 2-2: Ball 3-2: Foul Ball, location: 2F 3-2: Strikes out swinging
|
|
Batting: LHB Sam Williams
|
0-0: Called Strike 0-1: Foul Ball, location: 2F 0-2: Ball 1-2: Ball 2-2: Ball 3-2: Strikes out swinging
|
| Top of the 9th over - 0 runs, 0 hits, 0 errors, 0 left on base; Aberdeen 18 - Staten Island 1 |
| BOTTOM OF THE 9TH |
|
Staten Island Yankees batting - Pitching for Aberdeen Ironbirds : RHP Rich Hensley
|
|
Batting: LHB Mike Schermerhorn
|
0-0: Called Strike 0-1: Called Strike 0-2: Foul Ball, location: 2F 0-2: Foul Ball, location: 2F 0-2: Strikes out swinging
|
|
Batting: SHB Adam Slade
|
0-0: Swinging Strike 0-1: Ground out U3 (Groundball, 34, EV 108.1 MPH)
|
|
Batting: RHB Jesus Ruiz
|
0-0: Ball 1-0: Swinging Strike 1-1: Foul Ball, location: 2F 1-2: Foul Ball, location: 2F 1-2: Strikes out looking
|
| Bottom of the 9th over - 0 runs, 0 hits, 0 errors, 0 left on base; Aberdeen 18 - Staten Island 1 |
|